[Event "*** SCC Grand Prix: Titled Tuesday Blitz"]
[Site "Chess.com"]
[Date "2020.09.08"]
[Round "4"]
[White "sergeikim"]
[Black "Kobalia"]
[Result "1-0"]
[WhiteElo "2474"]
[BlackElo "2737"]
[TimeControl "180+1"]
[EndTime "10:39:14 PDT"]
[Termination "sergeikim won on time"]

1. d4 Nf6 2. c4 g6 3. Nc3 Bg7 4. e4 O-O 5. Nge2 d6 6. Ng3 c6 7. Be2 a6 8. a4 a5 9. O-O Na6 10. Ra3 Nb4 11. Be3 Re8 12. h3 e5 13. d5 h5 14. Qd2 h4 15. Nh1 cxd5 16. cxd5 Nh7 17. f4 exf4 18. Bxf4 Be5 19. Nf2 Bd7 20. Bxe5 Rxe5 21.
Bb5 Rc8 22. Bxd7 Qxd7 23. Ng4 Re7 24. e5 dxe5 25. Ne4 Qd8 26. Qh6 Nxd5 27. Rd3 Qb6+ 28. Kh2 Nf4 29. Rd6 1-0

[Event "*** SCC Grand Prix: Titled Tuesday Blitz"]
[Site "Chess.com"]
[Date "2020.09.08"]
[Round "4"]
[White "plumalka"]
[Black "Koksik_13"]
[Result "0-1"]
[WhiteElo "2420"]
[BlackElo "2640"]
[TimeControl "180+1"]
[EndTime "10:39:15 PDT"]
[Termination "Koksik_13 won by resignation"]

1. e4 e6 2. d4 d5 3. Nc3 Bb4 4. Qd3 Nc6 5. Nf3 dxe4 6. Qxe4 Nf6 7. Qh4 h6 8. Bg5 O-O 9. Bxf6 Qxf6 10. Qxf6 gxf6 11.
O-O-O Bxc3 12. bxc3 b6 13. Bc4 Bb7 14. Nd2 Na5 15. Bb3 Kh7 16. f3 Rg8 17. Rhg1 Rg5 18. Rdf1 Rag8 19. Rf2 f5 20. c4 h5 21. h4 Rg3 22. Nf1 Rxf3 23. Rxf3 Bxf3 24. Ne3 f4 25.
Nd1 Bxg2 26. c3 Nxb3+ 27. axb3 f3 28. Nf2 Rg4 29. d5 Rxh4 30. dxe6 fxe6 31. Re1 Rf4 32. Rxe6 h4 33. Kd2 h3 34. Ke3 Rf7 35. Ng4 Kg7 36. Kf2 Rf4 37. Nh2 Kf7 38. Rh6 Re4 39. Rh7+ Kg6 40. Rxc7 Re2+ 41. Kg3 Bh1 42. Kxh3 Rxh2+ 43.
Kxh2 f2 44. Rc8 f1=Q 45. Rg8+ Kf7 46. Rg1 Qf3 47. Rxh1 Qxc3 48. Rf1+ Ke7 49. Rg1 Qxb3 50. Rg7+ Kd6 51. Rxa7 Qxc4 0-1

[Event "*** SCC Grand Prix: Titled Tuesday Blitz"]
[Site "Chess.com"]
[Date "2020.09.08"]
[Round "4"]
[White "mr65"]
[Black "KubaGepard"]
[Result "0-1"]
[WhiteElo "2157"]
[BlackElo "2399"]
[TimeControl "180+1"]
[EndTime "10:39:15 PDT"]
[Termination "KubaGepard won on time"]

1. e4 e5 2. Nf3 Nc6 3. Bb5 a6 4. Ba4 Nf6 5. O-O Be7 6. Re1 b5 7. Bb3 d6 8. c3 O-O 9. h3 Na5 10. Bc2 c5 11. d4 Qc7 12. Nbd2 cxd4 13. cxd4 Rd8 14. Nf1 exd4 15. Nxd4 d5 16. e5 Ne4 17. Bf4 Qb6 18. Rc1 Bc5 19. Be3 Nc4 20. b3 Nxe5 21. Bb1 Bb7 22. Rxc5 Nxc5 23. Nf5 Qc7 24. Bd4 Ne4 25. N1g3 Re8 26. Qh5 g6 27. Qh6 gxf5 28. Nxf5 f6 29. f3 Qf7 30. fxe4 Qg6 31. Qxg6+ hxg6 0-1

[Event "*** SCC Grand Prix: Titled Tuesday Blitz"]
[Site "Chess.com"]
[Date "2020.09.08"]
[Round "4"]
[White "Kislov_Oleg"]
[Black "Klavdia_Nik"]
[Result "1-0"]
[WhiteElo "2384"]
[BlackElo "2127"]
[TimeControl "180+1"]
[EndTime "10:39:15 PDT"]
[Termination "Kislov_Oleg won on time"]

1. e4 e6 2. d4 d5 3. Nc3 dxe4 4.
Nxe4 Bd7 5. Nf3 Bc6 6. Bd3 Nd7 7.
Qe2 Ngf6 8. Neg5 Qe7 9. Bf4 O-O-O 10. c3 h6 11. Ne4 Nxe4 12. Bxe4 Bxe4 13. Qxe4 Nf6 14.
Qe2 Nd5 15. Bg3 Qe8 16. O-O Bd6 17. Ne5 f6 18. Nd3 Qf7 19. Rfe1 Rhe8 20. c4 Bxg3 21.
cxd5 Bd6 22. dxe6 Qg6 23. d5 Qg5 24. Qf3 h5 25. Rac1 h4 26. Nc5 Bxc5 27. Rxc5 Rd6 28. Rec1 Re7 29. Qc3 1-0

[Event "*** SCC Grand Prix: Titled Tuesday Blitz"]
[Site "Chess.com"]
[Date "2020.09.08"]
[Round "4"]
[White "keepitcool9499"]
[Black "chessbia"]
[Result "1-0"]
[WhiteElo "2647"]
[BlackElo "2165"]
[TimeControl "180+1"]
[EndTime "10:39:15 PDT"]
[Termination "keepitcool9499 won by resignation"]

1. d4 d5 2. c4 e6 3. Nc3 Nf6 4. Nf3 Be7 5. e3 O-O 6. Bd3 dxc4 7. Bxc4 a6 8. Be2 b5 9. O-O Bb7 10. Ne5 Nbd7 11. Bf3 Bxf3 12. Qxf3 Nxe5 13. dxe5 Nd7 14.
Qg3 c5 15. e4 Re8 16. Be3 Qc7 17. f4 Bf8 18. Rad1 c4 19. f5 Nxe5 20. fxe6 Rxe6 21. Nd5 Qc6 22. Kh1 f6 23. Nf4 Re7 24. Nd5 Re6 25. Nxf6+ Rxf6 26. Qxe5 Rxf1+ 27. Rxf1 Re8 28. Qf5 Qe6 29.
Qf3 h6 30. Bd4 Qxe4 31. Qf7+ Kh7 32. h3 Qe6 33. Qxe6 Rxe6 34. Rxf8 Re1+ 35. Kh2 Rd1 36.
Bc3 Rd6 37. Rf7 Rg6 38. Rf3 h5 39. Rg3 1-0

[Event "*** SCC Grand Prix: Titled Tuesday Blitz"]
[Site "Chess.com"]
[Date "2020.09.08"]
[Round "4"]
[White "Sibelephant"]
[Black "Shield12"]
[Result "1/2-1/2"]
[WhiteElo "3116"]
[BlackElo "2822"]
[TimeControl "180+1"]
[EndTime "10:39:16 PDT"]
[Termination "Game drawn by agreement"]

1. d4 Nf6 2. c4 e6 3. Nc3 Bb4 4.
Bd2 O-O 5. Nf3 b6 6. e3 Bb7 7.
Bd3 d6 8. O-O Bxc3 9. Bxc3 Ne4 10. Be1 Nd7 11. Nd2 f5 12. f3 Nxd2 13. Bxd2 e5 14.
Bc3 Qe7 15. Bc2 c5 16. Qd2 e4 17. d5 Ne5 18. fxe4 Nxc4 19. Qe2 b5 20. Bd3 fxe4 21.
Bxc4 bxc4 22. Qxc4 Qg5 23. Qxe4 Bxd5 24. h4 Bxe4 25.
hxg5 Rxf1+ 26. Rxf1 Rf8 27. Rd1 d5 28. Rf1 Rxf1+ 29.
Kxf1 Kf7 30. Kf2 Kg6 31. g3 a6 32. Be5 Kxg5 33. Bxg7 Kf5 34. Bf8 c4 35. Bg7 Kg5 36. Ke1 Kg4 37. Be5 Kf3 38. Kd2 h5 39. Bf4 Bb1 40.
a3 Ke4 41. Kc3 Bd3 42. Kb4 Be2 43. Kc3 Bd3 44. Kb4 Be2 1/2-1/2

[Event "*** SCC Grand Prix: Titled Tuesday Blitz"]
[Site "Chess.com"]
[Date "2020.09.08"]
[Round "4"]
[White "politeplayer"]
[Black "crossingthestreet"]
[Result "0-1"]
[WhiteElo "2249"]
[BlackElo "2431"]
[TimeControl "180+1"]
[EndTime "10:39:16 PDT"]
[Termination "crossingthestreet won by resignation"]

1. e4 c6 2. d4 d5 3. exd5 cxd5 4. c4 Nf6 5. Nc3 Nc6 6. Bg5 Ne4 7. Nxe4 dxe4 8. d5 Ne5 9. Bf4 Ng6 10. Bg3 e5 11. Ne2 f5 12. f4 Bb4+ 13. Nc3 exf4 14. Qa4+ Bd7 15. Qxb4 fxg3 16. hxg3 Qg5 17. Nb5 Qxg3+ 18.
Kd1 Bxb5 19. Qxb5+ Ke7 20. Qxb7+ Kf6 21. Qc6+ Kg5 22.
Be2 h5 23. Kc2 Rac8 24. Qd7 Qe5 25. Raf1 f4 26. Bxh5 Rxc4+ 27. Kb1 Rxh5 28. Rxh5+ Kxh5 29. Rh1+ Kg5 30. Qd8+ Qe7 31. Qb8 e3 32. g3 Qe4+ 0-1

[Event "*** SCC Grand Prix: Titled Tuesday Blitz"]
[Site "Chess.com"]
[Date "2020.09.08"]
[Round "4"]
[White "VerdeNotte"]
[Black "Evgeny81"]
[Result "0-1"]
[WhiteElo "2847"]
[BlackElo "2667"]
[TimeControl "180+1"]
[EndTime "10:39:17 PDT"]
[Termination "Evgeny81 won by resignation"]

1. e4 e5 2. Nf3 Nc6 3. Bc4 Nf6 4. d4 exd4 5. e5 d5 6. Bb5 Nd7 7. O-O Be7 8. Bxc6 bxc6 9. Nxd4 Nb8 10. Nc3 O-O 11.
Qf3 Qd7 12. h3 Na6 13. Bf4 Bb7 14. Qg3 Kh8 15. Rfe1 Nc5 16. a4 Ne6 17. Nf5 Rg8 18.
Nxe7 Qxe7 19. a5 c5 20. a6 Bc6 21. h4 Rab8 22. b3 Rb4 23. Bg5 Qd7 24. Rad1 h6 25.
Bc1 Rd4 26. Ne2 Rxd1 27. Rxd1 d4 28. Nf4 Nxf4 29. Bxf4 Qf5 30. Re1 Bd5 31. Re2 Re8 32. Bc1 Re6 33. Ba3 Rg6 34. Qd3 Rxg2+ 35. Kf1 Qg4 36. Ke1 Rg1+ 37. Kd2 Qf4+ 38. Re3 Qxf2+ 39. Re2 Qf4+ 0-1

[Event "*** SCC Grand Prix: Titled Tuesday Blitz"]
[Site "Chess.com"]
[Date "2020.09.08"]
[Round "4"]
[White "Pikachess999"]
[Black "natelleka"]
[Result "0-1"]
[WhiteElo "2379"]
[BlackElo "2127"]
[TimeControl "180+1"]
[EndTime "10:39:17 PDT"]
[Termination "natelleka won by resignation"]

1. e4 e5 2. Nf3 Nf6 3. Nc3 Bb4 4. Bc4 O-O 5. O-O Bxc3 6. dxc3 d6 7. Bd3 h6 8. h3 Be6 9. Be3 Nc6 10. Qd2 d5 11. exd5 Bxd5 12. Nh2 Ne4 13. Bxe4 Bxe4 14. Rad1 Qxd2 15. Rxd2 Rad8 16. Rfd1 Bxc2 17. Rxd8 Rxd8 18. Rxd8+ Nxd8 19. Bxa7 b6 20. Bb8 Ne6 21. f4 exf4 22.
Nf3 Bb1 23. a3 g5 24. Nd4 Nxd4 25. cxd4 c6 26. Bc7 b5 27. Kf2 Kg7 28. Kf3 Kg6 29. Ke2 Kf5 30. Kd2 Be4 31. g4+ fxg3 32. Bxg3 Bg2 33.
h4 Kg4 34. Be5 Kxh4 35. b3 Bd5 36. a4 bxa4 37. bxa4 g4 38. a5 Bc4 39. Ke3 Kh3 40. Kf2 h5 41. Bf4 h4 42. Kg1 g3 43. Be5 Kg4 0-1

[Event "*** SCC Grand Prix: Titled Tuesday Blitz"]
[Site "Chess.com"]
[Date "2020.09.08"]
[Round "4"]
[White "Thereisnof0rk"]
[Black "BUITRONGHAO"]
[Result "0-1"]
[WhiteElo "2219"]
[BlackElo "2572"]
[TimeControl "180+1"]
[EndTime "10:39:20 PDT"]
[Termination "BUITRONGHAO won on time"]

1. d4 d5 2. c4 c6 3. Nf3 Nf6 4. Nc3 dxc4 5. e4 b5 6. Be2 b4 7. Na4 e6 8. e5 Nd5 9. Bxc4 Be7 10. O-O Nb6 11. Bd3 N8d7 12. Be3 Bb7 13. Rc1 a5 14. Nc5 Nxc5 15. dxc5 Nd5 16. Bd4 Ba6 17. Bxa6 Rxa6 18. Qd3 Ra7 19. Rfe1 h5 20. Rcd1 Qc8 21. Nd2 Qa6 22. Qg3 g6 23. Ne4 Kd7 24. Nd6 Rh7 25.
Qf3 Ra8 26. h3 Qa7 27. Re4 Qa6 28. Be3 Rf8 29. Qe2 Qxe2 0-1

[Event "*** SCC Grand Prix: Titled Tuesday Blitz"]
[Site "Chess.com"]
[Date "2020.09.08"]
[Round "4"]
[White "midedu"]
[Black "garicradomir"]
[Result "0-1"]
[WhiteElo "2095"]
[BlackElo "2374"]
[TimeControl "180+1"]
[EndTime "10:39:20 PDT"]
[Termination "garicradomir won on time"]

1. e4 g6 2. d4 Nf6 3. Nc3 d5 4.
e5 Ne4 5. Bd3 Nxc3 6. bxc3 c5 7.
Nf3 Qa5 8. Bd2 c4 9. Be2 Bf5 10. Nh4 Be6 11. O-O Nc6 12. f4 O-O-O 13. f5 gxf5 14.
Nxf5 Kb8 15. Kh1 Rg8 16. a4 Rd7 17. Qe1 a6 18. Qh4 h6 19. Bh5 Ka8 20. Ra3 Bxf5 21. Rxf5 e6 22. Rxf7 Rxf7 23. Bxf7 Rg7 24. Qf6 Rxf7 25.
Qxf7 Bxa3 26. Qxe6 Nxd4 27. Qc8+ Ka7 28. e6 Nc6 0-1

[Event "*** SCC Grand Prix: Titled Tuesday Blitz"]
[Site "Chess.com"]
[Date "2020.09.08"]
[Round "4"]
[White "rasmussvane"]
[Black "2nd_life"]
[Result "1-0"]
[WhiteElo "2880"]
[BlackElo "2533"]
[TimeControl "180+1"]
[EndTime "10:39:21 PDT"]
[Termination "rasmussvane won on time"]

1. Nf3 Nf6 2. c4 g6 3. Nc3 Bg7 4. e4 O-O 5. d4 d6 6. Be2 Bg4 7. Be3 Nfd7 8. Rc1 c5 9. d5 a6 10. a4 Qb6 11. Qc2 Qb4 12. Nd2 Bxe2 13. Kxe2 Bxc3 14.
Qxc3 Qxc3 15. Rxc3 b5 16. axb5 axb5 17. cxb5 Ra5 18. Rb3 Nb6 19. Rc1 N8d7 20. Nb1 Rb8 21. Na3 Ra4 22. f3 f5 23. exf5 gxf5 24. Rd1 Nf6 25.
Rbd3 Rb4 26. b3 f4 27. Bd2 Nbxd5 28. Bxb4 cxb4 29. Nb1 Rxb5 30. Rc1 Kf7 31. g4 h6 32.
h4 e5 33. Rc6 Ke6 34. Nd2 Nc3+ 35. Kf2 Ne8 36. Nc4 Rd5 37. Rxd5 Kxd5 38. Rc8 Nf6 39. g5 hxg5 40. hxg5 1-0

[Event "*** SCC Grand Prix: Titled Tuesday Blitz"]
[Site "Chess.com"]
[Date "2020.09.08"]
[Round "4"]
[White "dragos420"]
[Black "fighter2jz"]
[Result "0-1"]
[WhiteElo "2494"]
[BlackElo "2716"]
[TimeControl "180+1"]
[EndTime "10:39:23 PDT"]
[Termination "fighter2jz won on time"]

1. e4 c5 2. Nf3 d6 3. Bb5+ Nd7 4. c3 Nf6 5. Bd3 e6 6. O-O Be7 7. Bc2 O-O 8. d4 b5 9. Re1 e5 10. b3 cxd4 11. cxd4 Bb7 12. Bb2 Rc8 13. Bd3 a6 14. dxe5 dxe5 15. Nxe5 Nxe5 16. Bxe5 Nxe4 17. Bxe4 Bxe4 18.
Qxd8 Rfxd8 19. Nc3 Bg6 20. Rac1 Ba3 21. Rcd1 Rxd1 22. Rxd1 f6 23. Bd4 Bf7 24. h3 h6 25.
h4 Bb2 26. Nxb5 Rd8 0-1

[Event "*** SCC Grand Prix: Titled Tuesday Blitz"]
[Site "Chess.com"]
[Date "2020.09.08"]
[Round "4"]
[White "MVM2008"]
[Black "Natalya_Buksa"]
[Result "1-0"]
[WhiteElo "2276"]
[BlackElo "2505"]
[TimeControl "180+1"]
[EndTime "10:39:23 PDT"]
[Termination "MVM2008 won by checkmate"]

1. c4 e6 2. g3 d5 3. b3 Nf6 4. Bg2 Be7 5. Bb2 O-O 6. e3 c5 7. Ne2 Nc6 8. O-O Qc7 9. d4 b6 10.
Nbc3 dxc4 11. bxc4 Bb7 12. Nb5 Qc8 13. d5 exd5 14.
cxd5 Na5 15. d6 Bd8 16. d7 Qxd7 17. Qxd7 Nxd7 18. Bxb7 Nxb7 19. Rad1 Nf6 20. Nf4 a6 21. Nd6 Nxd6 22. Rxd6 Ne4 23. Rd7 Bf6 24. Bxf6 Nxf6 25. Rd6 b5 26. f3 Rfd8 27. Rfd1 Rxd6 28. Rxd6 c4 29. Rc6 h6 30. e4 Rd8 31. Rxa6 Rc8 32.
Rd6 c3 33. Rd1 c2 34. Rc1 Nd7 35. Nd5 Ne5 36. Ne7+ Kh7 37. Nxc8 Nxf3+ 38. Kf2 Nd4 39. Nd6 b4 40. Nf5 b3 41. axb3 Ne6 42. Rxc2 Ng5 43. Ke3 h5 44. h4 Ne6 45. Nd4 Nf8 46. Rc8 Nd7 47. Rc7 Ne5 48. b4 g5 49. hxg5 Kg6 50.
b5 Ng4+ 51. Ke2 Kxg5 52. b6 Ne5 53. b7 h4 54. gxh4+ Kxh4 55. b8=Q Ng4 56. Qh8+ Kg3 57. Nf5+ Kg2 58. Qh4 Nh2 59. Qg3+ Kh1 60. Rc1+ Nf1 61.
Rxf1# 1-0

[Event "*** SCC Grand Prix: Titled Tuesday Blitz"]
[Site "Chess.com"]
[Date "2020.09.08"]
[Round "4"]
[White "dpopadic"]
[Black "Gorin_Leonid"]
[Result "1-0"]
[WhiteElo "2363"]
[BlackElo "2617"]
[TimeControl "180+1"]
[EndTime "10:39:23 PDT"]
[Termination "dpopadic won by resignation"]

1. e4 e5 2. Nf3 Nc6 3. Bb5 a6 4. Ba4 Nf6 5. O-O Be7 6. Re1 b5 7. Bb3 d6 8. c3 O-O 9. h3 a5 10.
a4 b4 11. d3 Ba6 12. Qe2 Rb8 13. Nbd2 h6 14. Bc4 Bxc4 15. Nxc4 Re8 16. Nh2 Bf8 17.
Ng4 Nxg4 18. Qxg4 Kh8 19. f4 d5 20. Nxe5 Nxe5 21. fxe5 Rxe5 22. Bf4 Re6 23. exd5 Rxe1+ 24.
Rxe1 Qxd5 25. Qf3 Qd7 26. Qe4 Rd8 27. cxb4 Bxb4 28. Rc1 Qxd3 29. Qxd3 Rxd3 30. Rxc7 f6 31. Rc2 g5 32. Bc7 Kg7 33. Bb6 Rd6 34. Bc5 Rc6 35. Bf8+ Bxf8 36. Rxc6 Kg6 37. g4 Be7 38. Kg2 h5 39.
Kf3 hxg4+ 40. hxg4 Bb4 41. Ke4 Bd2 42. b3 Bb4 43.
Rb6 Be1 44. Rb5 Bd2 45. Rb8 Bc3 46. Rg8+ Kf7 47. Rc8 Bd2 48. Kf5 1-0

[Event "*** SCC Grand Prix: Titled Tuesday Blitz"]
[Site "Chess.com"]
[Date "2020.09.08"]
[Round "4"]
[White "Tekushka"]
[Black "kngopal"]
[Result "1-0"]
[WhiteElo "2415"]
[BlackElo "2232"]
[TimeControl "180+1"]
[EndTime "10:39:23 PDT"]
[Termination "Tekushka won on time"]

1. e4 e6 2. d4 d5 3. Nc3 Nf6 4. e5 Nfd7 5. f4 c5 6. Nf3 Nc6 7. Be3 a6 8. Qd2 g6 9. Nd1 b5 10. c3 Be7 11. Bd3 cxd4 12. cxd4 Nb6 13. b3 Bd7 14.
O-O Rc8 15. a3 O-O 16. g4 f5 17. gxf5 gxf5 18. Kh1 Kh8 19. Rg1 Rg8 20. Ng5 Bxg5 21. fxg5 Ne7 22. Nf2 Ng6 23. Nh3 Qe7 24. Nf4 Nxf4 25.
Bxf4 Be8 26. Rg3 Bg6 27. h4 Qf7 28. Be2 Rc7 29. Qd1 h5 30. gxh6 Bh7 31. Bg5 Rgc8 32. Bf6+ Qg7 33. Bxg7+ Kg8 34. Bf6+ Kf7 35. Bh5+ Kf8 36.
Rg7 1-0

[Event "*** SCC Grand Prix: Titled Tuesday Blitz"]
[Site "Chess.com"]
[Date "2020.09.08"]
[Round "4"]
[White "Firouzja2003"]
[Black "GianmarcoVaR"]
[Result "1-0"]
[WhiteElo "2980"]
[BlackElo "2558"]
[TimeControl "180+1"]
[EndTime "10:39:24 PDT"]
[Termination "Firouzja2003 won on time"]

1. Nf3 Nf6 2. g3 d5 3. Bg2 Bg4 4. c4 c6 5. Ne5 Be6 6. cxd5 Bxd5 7. Nf3 e5 8. O-O Nbd7 9. Nc3 Bd6 10. d4 Bxf3 11. Bxf3 O-O 12. d5 c5 13. e4 a6 14. a4 c4 15. Qe2 Rc8 16. Bg2 Nc5 17. Bh3 Rc7 18. Be3 Nb3 19. Rad1 Bc5 20. d6 Rc6 21.
Bxc5 Rxc5 22. f4 Qb6 23. Qe3 Qc6 24. fxe5 Rxe5 25. Rxf6 gxf6 26. Qh6 Qc5+ 27. Kg2 Rh5 28. Qxf8+ Kxf8 29. d7 Qe7 30. d8=Q+ Qxd8 31. Rxd8+ Kg7 32. Bf5 Na5 33. g4 1-0

[Event "*** SCC Grand Prix: Titled Tuesday Blitz"]
[Site "Chess.com"]
[Date "2020.09.08"]
[Round "4"]
[White "IANOV0007"]
[Black "Batcu"]
[Result "1-0"]
[WhiteElo "2423"]
[BlackElo "2244"]
[TimeControl "180+1"]
[EndTime "10:39:24 PDT"]
[Termination "IANOV0007 won by resignation"]

1. Nf3 Nf6 2. g3 g6 3. b3 Bg7 4. Bb2 O-O 5. Bg2 d6 6. d4 Nbd7 7. O-O c6 8. c4 Qc7 9. Nc3 e5 10.
e4 exd4 11. Nxd4 Re8 12. h3 Nc5 13. Qc2 a5 14. Rfd1 Ne6 15. Nde2 Nc5 16. Rd2 b6 17. Rad1 Nb7 18. Ba3 Bf8 19. Nd4 Bd7 20. Bb2 Nc5 21. f4 Bg7 22. Nde2 Re6 23. f5 gxf5 24. exf5 Re3 25.
Rxd6 Rae8 26. g4 R8e7 27. Bc1 Ne8 28. Bxe3 Nxd6 29. Bf4 Be5 30. Qd2 Ne8 31. Bg5 f6 32. Be3 Nd6 33. Bd4 Bxd4+ 34. Qxd4 Kg7 35. Qxd6 1-0

[Event "*** SCC Grand Prix: Titled Tuesday Blitz"]
[Site "Chess.com"]
[Date "2020.09.08"]
[Round "4"]
[White "vinniethepooh"]
[Black "chegueps"]
[Result "1-0"]
[WhiteElo "2655"]
[BlackElo "2465"]
[TimeControl "180+1"]
[EndTime "10:39:25 PDT"]
[Termination "vinniethepooh won by checkmate"]

1. Nf3 Nf6 2. g3 g6 3. Bg2 d5 4. O-O Bg7 5. c4 c6 6. b3 Ne4 7. d4 O-O 8. Bb2 Bg4 9. Nbd2 Nxd2 10. Qxd2 Nd7 11. h3 Bxf3 12. Bxf3 e6 13. Rac1 a5 14. Rfd1 a4 15. b4 dxc4 16. Rxc4 Nb6 17. Rc5 a3 18.
Ba1 Nd5 19. e4 Nc7 20. Be2 Qe7 21. h4 Rfd8 22. h5 Rd7 23. h6 Bh8 24. Qe3 Rad8 25.
Kg2 e5 26. d5 cxd5 27. Bg4 Rd6 28. Qc1 Na6 29. Rcxd5 Rxd5 30. Rxd5 Rxd5 31. exd5 Nxb4 32. Qc8+ Qf8 33. d6 Qxc8 34. Bxc8 b6 35. d7 Nc6 36.
Bc3 f5 37. Bb7 Nd8 38. Bd5+ Kf8 39. Bb4# 1-0

[Event "*** SCC Grand Prix: Titled Tuesday Blitz"]
[Site "Chess.com"]
[Date "2020.09.08"]
[Round "4"]
[White "ferdipy"]
[Black "FontVella8"]
[Result "1-0"]
[WhiteElo "2342"]
[BlackElo "2505"]
[TimeControl "180+1"]
[EndTime "10:39:25 PDT"]
[Termination "ferdipy won by resignation"]

1. e4 e5 2. Nf3 Nc6 3. Bc4 Bc5 4. b4 Bxb4 5. c3 Ba5 6. d4 exd4 7.
O-O Nf6 8. e5 d5 9. exf6 dxc4 10.
fxg7 Rg8 11. Bg5 Qd5 12. Bf6 d3 13. Re1+ Be6 14. Nbd2 Bb6 15. Ne5 Nxe5 16. Rxe5 Qc6 17. Qh5 Kd7 18. Qxh7 Rae8 19. Rae1 Kc8 20. h4 Qa4 21. Qe4 Qc2 22. Qf4 Qxa2 23. h5 Ba5 24. Ne4 d2 25. Rd1 Qb3 26. Rxd2 Bxc3 27. Nxc3 Qxc3 28.
Rxe6 Qc1+ 29. Kh2 fxe6 30. Rd8+ Rxd8 31. Qxc1 Rd5 32. g4 Kd7 33. h6 Ke8 34. h7 1-0

[Event "*** SCC Grand Prix: Titled Tuesday Blitz"]
[Site "Chess.com"]
[Date "2020.09.08"]
[Round "4"]
[White "JRenatoMaranhao"]
[Black "mr_gustavo"]
[Result "1-0"]
[WhiteElo "2029"]
[BlackElo "2232"]
[TimeControl "180+1"]
[EndTime "10:39:25 PDT"]
[Termination "JRenatoMaranhao won on time"]

1. e4 e5 2. Nf3 Nc6 3. Bb5 a6 4.
Ba4 Nf6 5. O-O Be7 6. Re1 b5 7. Bb3 O-O 8. c3 d5 9. exd5 Nxd5 10. Nxe5 Nxe5 11. Rxe5 c6 12. d4 Bd6 13. Re1 Qh4 14. g3 Qh3 15. Re4 g5 16. Nd2 Bf5 17. Qe2 Bxe4 18. Nxe4 Rae8 19. Bxd5 Kh8 20. Bxc6 Re6 21.
Bxg5 f5 22. Bd5 Ree8 23. Qf3 h6 24. Nxd6 hxg5 25. Nxe8 Rxe8 26. Qg2 Qh5 27. Qf1 f4 28. Re1 Rf8 29. Re5 f3 30. h4 Rf4 31. Rxg5 Qh6 32.
Qe1 1-0

[Event "*** SCC Grand Prix: Titled Tuesday Blitz"]
[Site "Chess.com"]
[Date "2020.09.08"]
[Round "4"]
[White "MrrRefrao"]
[Black "akanga001"]
[Result "1-0"]
[WhiteElo "2218"]
[BlackElo "1886"]
[TimeControl "180+1"]
[EndTime "10:39:25 PDT"]
[Termination "MrrRefrao won by checkmate"]

1. e4 c6 2. Nc3 d5 3. Nf3 dxe4 4.
Nxe4 Nf6 5. Qe2 Bf5 6. Nxf6+ gxf6 7. d3 e6 8. Nh4 Bg6 9. g3 f5 10. Bg2 Be7 11. Nxg6 hxg6 12. Bd2 Bf6 13. c3 Nd7 14. d4 Nb6 15. a4 Nd5 16. a5 a6 17. O-O O-O 18.
b4 Kg7 19. Rad1 Rh8 20. c4 Ne7 21. Bc3 Qg8 22. h4 Rd8 23. Qe3 Kf8 24. Rfe1 Qg7 25. Qf4 g5 26. hxg5 Bxg5 27. Qc7 Re8 28. Ba1 Bf6 29. Qxb7 Qh7 30. Qxa6 f4 31. d5 Bxa1 32. Rxa1 fxg3 33. f3 cxd5 34. cxd5 Nxd5 35. Qd6+ Kg8 36.
a6 Qh2+ 37. Kf1 Kg7 38. a7 Rd8 39. Qe5+ f6 40. Qxe6 Nf4 41. Qe7+ Kg6 42. Qe4+ Kg5 43. Ra5+ Rd5 44. Rxd5+ Nxd5 45. Qxd5+ f5 46. a8=Q Rxa8 47. Qxa8 Qh7 48. Qd8+ Kf4 49. Qd2# 1-0

[Event "*** SCC Grand Prix: Titled Tuesday Blitz"]
[Site "Chess.com"]
[Date "2020.09.08"]
[Round "4"]
[White "MikeKorovin"]
[Black "Snegokhod"]
[Result "0-1"]
[WhiteElo "2592"]
[BlackElo "2383"]
[TimeControl "180+1"]
[EndTime "10:39:28 PDT"]
[Termination "Snegokhod won on time"]

1. Nf3 Nf6 2. b3 g6 3. Bb2 Bg7 4. g3 O-O 5. Bg2 d5 6. O-O c5 7. e3 Nc6 8. d4 Ne4 9. Nbd2 Bg4 10. h3 Nxd2 11. Qxd2 Bxf3 12. Bxf3 cxd4 13. exd4 e6 14.
Rfd1 Rc8 15. Rac1 b5 16. a3 Qb6 17. Kg2 a5 18. c3 a4 19. b4 Nd8 20. Re1 Nb7 21. Re2 Nd6 22. Qd3 Nc4 23. Rce1 Nxb2 24. Rxb2 Rc7 25. Re3 Rfc8 26. Be2 Rxc3 27. Qxb5 Qxd4 28.
Rxc3 Rxc3 29. Qe8+ Bf8 30. Ra2 Qe4+ 31. f3 Qb1 32.
Rd2 Rxa3 33. Qc8 Qxb4 34. Rc2 Rb3 35. Qa8 Rb2 36. Qc8 a3 37. Bd1 a2 0-1

[Event "*** SCC Grand Prix: Titled Tuesday Blitz"]
[Site "Chess.com"]
[Date "2020.09.08"]
[Round "4"]
[White "Makswolf200817"]
[Black "WinstonSilvakov"]
[Result "1-0"]
[WhiteElo "2411"]
[BlackElo "2132"]
[TimeControl "180+1"]
[EndTime "10:39:28 PDT"]
[Termination "Makswolf200817 won by resignation"]

1. d4 Nf6 2. c4 e5 3. dxe5 Ng4 4. Nf3 Bc5 5. e3 Nc6 6. Nc3 Ngxe5 7. Be2 Nxf3+ 8.
Bxf3 Ne5 9. Be2 a5 10. O-O Ra6 11. Kh1 Rh6 12. f4 Qh4 13. h3 d6 14. f5 Qg3 15.
Qe1 Qxe1 16. Rxe1 Bxf5 17. e4 Be6 18. Bxh6 gxh6 19. b3 Rg8 20. Nd5 Kd8 21. Nf6 Rg6 22. Nxh7 Ke7 23. Rf1 Nc6 24. Bh5 Rg7 25. Nf6 Bd4 26.
Nd5+ Bxd5 27. cxd5 Bxa1 28. dxc6 Bd4 29. cxb7 Ba7 30.
Rf5 Rg5 31. Rxf7+ Ke6 32. Rf5 Rxf5 33. Bg4 Ke5 34. Bxf5 d5 35. g4 dxe4 36. Kg2 c5 37.
Kf1 Kf4 38. Ke2 c4 39. bxc4 a4 40. c5 Bb8 41. a3 Bc7 42. Bd7 Ke5 43. Bxa4 Kd5 44.
c6 Kd4 45. Bb5 Kc5 46. a4 Kb6 47. Ke3 1-0

[Event "*** SCC Grand Prix: Titled Tuesday Blitz"]
[Site "Chess.com"]
[Date "2020.09.08"]
[Round "4"]
[White "Gabrielian_Artur"]
[Black "GOGIEFF"]
[Result "0-1"]
[WhiteElo "2700"]
[BlackElo "2897"]
[TimeControl "180+1"]
[EndTime "10:39:29 PDT"]
[Termination "GOGIEFF won by resignation"]

1. e4 c5 2. Nc3 Nc6 3. Bb5 e6 4. Bxc6 bxc6 5. d3 Ne7 6. Qe2 d5 7. Nf3 Ng6 8. h4 h5 9. Bd2 Rb8 10. b3 Bd6 11. g3 d4 12. Na4 e5 13. Ng1 Be6 14. f3 O-O 15. Nh3 f6 16. Nf2 Qd7 17. O-O-O c4 18. dxc4 Ba3+ 19. Kb1 c5 20.
Nb2 a5 21. Nfd3 a4 22. g4 hxg4 23. h5 Ne7 24. Rdg1 Qa7 25. fxg4 axb3 26. cxb3 Ra8 27. Bc1 Bxb2 28. Qxb2 Bxc4 29. Ne1 Rfb8 30. Rg3 Bxb3 31. axb3 c4 32. Rh2 c3 33. Qa2 Qb7 34. Ba3 Qxb3+ 35.
Qxb3+ Rxb3+ 36. Bb2 c2+ 37. Rxc2 Rxg3 38. Rc7 Nc8 39.
Nc2 Nd6 40. h6 gxh6 41. Nb4 Nxe4 42. Nd5 Rxg4 43. Ne7+ Kf7 44. Nf5+ Kg6 45. Ne7+ Kh5 46. Nd5 Rb8 47. Ka2 Rg2 0-1

[Event "*** SCC Grand Prix: Titled Tuesday Blitz"]
[Site "Chess.com"]
[Date "2020.09.08"]
[Round "4"]
[White "DIM90"]
[Black "Fh2411"]
[Result "1-0"]
[WhiteElo "2349"]
[BlackElo "2512"]
[TimeControl "180+1"]
[EndTime "10:39:29 PDT"]
[Termination "DIM90 won by resignation"]

1. e4 c5 2. d4 cxd4 3. c3 d5 4.
exd5 Qxd5 5. cxd4 e6 6. Nf3 Nf6 7. Be2 Nc6 8. O-O Be7 9. Nc3 Qd8 10. Qb3 O-O 11. Rd1 Nb4 12. Bg5 Nbd5 13. Nxd5 exd5 14.
Ne5 h6 15. Bh4 g5 16. Bg3 Ne4 17. Bf3 f5 18. Ng6 Rf7 19. Nxe7+ Rxe7 20. Be5 Be6 21. Bxe4 dxe4 22. d5 Qa5 23. Bf6 Rf7 24. dxe6 Rxf6 25. e7+ Kg7 26. Qxb7 Re8 27. Rd8 Qa4 28. Rxe8 Qxe8 29.
Qxa7 Re6 30. Qd4+ Kg6 31. Qd8 Qxe7 32. Qxe7 Rxe7 33. a4 f4 34. Kf1 g4 35. a5 Kf5 36.
a6 Ra7 37. b4 1-0